 Dungeon Crawl Stone Soup version 0.28.0-53-g5a82cb258f (webtiles) character file.

Game seed: 16880988431991929260

4 Zeld the Firebug (level 1, 0/16 HPs)
             Began as an Ogre Fire Elementalist on June 6, 2022.
             Slain by a ball python (2 damage)
             ... on level 1 of the Dungeon.
             The game lasted 00:00:45 (70 turns).

Zeld the Firebug (Ogre Fire Elementalist)             Turns: 70, Time: 00:00:45

Health: 0/16       AC:  3    Str: 11    XL:     1   Next: 60%
Magic:  1/4        EV:  9    Int: 16    God:
Gold:   0          SH:  0    Dex:  9    Spells: 4/5 levels left

rFire   . . .      SeeInvis .   (no weapon)
rCold   . . .      Faith    .   (no shield)
rNeg    . . .      Spirit   .   a - +0 robe
rPois   .          Reflect  .   (helmet restricted)
rElec   .          Harm     .   (no cloak)
rCorr   .          Rampage  .   (gloves unavailable)
Will    .....                   (boots unavailable)
Stlth   +.........              (no amulet)
HPRegen 0.05/turn               (no ring)
MPRegen 0.09/turn               (no ring)

@: no status effects
A: large, unfitting armour, tough skin 1
a: no special abilities


You were on level 1 of the Dungeon.
You visited 1 branch of the dungeon, and saw 1 of its levels.

Inventory:

Armour
 a - a +0 robe (worn)
Scrolls
 b - a scroll of blinking {unknown}


   Skills:
 + Level 1.8 Dodging
 - Level 1.4 Stealth
 * Level 2.5 Spellcasting
 + Level 1.0 Conjurations
 * Level 2.8 Fire Magic


You had 4 spell levels left.
You knew the following spells:

 Your Spells              Type           Power      Damage    Failure   Level
a - Foxfire               Conj/Fire      32%        2x1d5     9%          1

Your spell library contained the following spells:

 Spells                   Type           Power      Damage    Failure   Level
 Scorch                   Fire           22%        2d6       10%         2
 Conjure Flame            Conj/Fire      8%         6-21      26%         3
 Inner Flame              Hex/Fire       6%         N/A       32%         3
 Flame Wave               Conj/Fire      8%         2d5       65%         4


Dungeon Overview and Level Annotations

Branches:
Dungeon (1/15)

Altars:


Innate Abilities, Weirdness & Mutations

You are too large for most types of armour.
You have tough skin. (AC +1)


Message History

The foxfire hits the bat but does no damage.
The bat is heavily wounded.
A bat comes into view.
The bat hits you but does no damage.
The bat moves out of view.
The bat hits you but does no damage. The ball python bites you.
The bat closely misses you. The bat completely misses you.
The ball python barely misses you.
Found a falchion.
The bat hits you but does no damage. x2
The bat barely misses you.
The ball python bites you but does no damage.
The bat barely misses you. The bat hits you but does no damage.
The bat hits you but does no damage. The jackal closely misses you.
The bat hits you.
* * * LOW HITPOINT WARNING * * *
The jackal misses you.
Casting: Foxfire (safe; 10% risk of failure)
Confirm with . or Enter, or press ? or * to list all spells.
You conjure some foxfire!
The jackal bites you.
* * * LOW HITPOINT WARNING * * *
Your foxfire dissipates!
The foxfire hits the jackal.
The jackal is heavily wounded.
The jackal bites you but does no damage.
Casting: Foxfire (safe; 10% risk of failure)
Confirm with . or Enter, or press ? or * to list all spells.
You conjure some foxfire!
The foxfire hits the bat.
The bat is heavily wounded.
The jackal bites you but does no damage.
The ball python bites you but does no damage.
The bat hits you but does no damage. The jackal barely misses you.
The foxfire hits the bat.
You kill the bat!
Your Conjurations skill increases to level 1!
The ball python bites you.
* * * LOW HITPOINT WARNING * * *
The jackal misses you. The jackal barely misses you.
The jackal bites you but does no damage.
The ball python bites you.
You die...

#.# .### ... ..### #.#
#... ##.# #..# # ..#
#..## .# #.. #.#
#...####.##
##.###.#####.#........
#...##hb..........#)#
#....@SB........#.#.#
#...##########.##.#.#
##.# ####.#.bb.# ###†#
#.........# #...#
#.........## #.#.#
#.(......... #.#h#
#........... #.#.#
#...........
#.#.########...........


You could see a jackal, a giant cockroach, a bat and a ball python.

Vanquished Creatures
  A bat (D:1)
  A goblin (D:1)
  A jackal (D:1)
3 creatures vanquished.

Vanquished Creatures (others)
  8 foxfires (D:1)
8 creatures vanquished.

Grand Total: 11 creatures vanquished

Notes
Turn   | Place    | Note
-------+----------+-------------------------------------------
     0 | D:1      | Zeld the Ogre Fire Elementalist began the quest for the
                  | Orb.
     0 | D:1      | Reached XP level 1. HP: 16/16 MP: 3/3
    64 | D:1      | Reached skill level 1 in Conjurations
    70 | D:1      | Slain by a ball python

Illustrated notes

Levels and vault maps discovered:
D:1:      elethiomel_arrival_quiet, layout_loops_ring, minmay_bisected

Skill      XL: |  1 |
---------------+----+-----
Conjurations   | 1 |  1.0
Dodging        | |  1.8
Stealth        | |  1.4
Spellcasting   | |  2.5
Fire Magic     | |  2.8

Action                   || total
-------------------------++-------
Melee: Unarmed           ||     7
 Cast: Foxfire           ||     6
Armor: Robe              ||    33
Dodge: Dodged            ||    28
